 Dungeon Crawl Stone Soup version 0.23-a0-446-g036aa52 (webtiles) character file.

1764751 Firecrotchwizard the Slayer (level 27, 308/308 HPs)
             Began as a Troll Monk on Nov 14, 2018.
             Was the Champion of Okawaru.
             Escaped with the Orb
             ... and 3 runes on Nov 18, 2018!
             The game lasted 04:44:53 (65842 turns).

Firecrotchwizard the Slayer (Troll Monk)           Turns: 65842, Time: 04:44:54

Health: 308/308    AC: 33    Str: 27    XL:     27
Magic:  29/29      EV:  9    Int: 16    God:    Okawaru [******]
Gold:   7696       SH: 32    Dex: 31    Spells: 24/26 levels left

rFire    + . .     SeeInvis +     - Unarmed
rCold    + . .     Gourm    +   X - +7 large shield of Defiance {+Inv}
rNeg     . . .     Faith    .   v - +4 gold dragon scales
rPois    +         Spirit   .   t - +2 hat {SInv}
rElec    +         Reflect  +   V - +1 cloak of Polytheism {-Cast Slay+2 Stlth+}
rCorr    .         Harm     .   (gloves unavailable)
MR       ++...     NoCast   +   (boots unavailable)
Stlth    ..........             x - amulet of Happiness {Reflect Str+3 Int+2 Dex+4 SH+2 Stlth+}
HPRegen  1.01/turn              H - +4 ring of protection
MPRegen  0.21/turn              U - ring "Imilun" {rElec Str-5 Int+6 Dex+10 Slay+2}

@: no status effects
A: large, unfitting armour, claws 3, fast metabolism 3, gourmand, regeneration
1, shaggy fur 1, tough skin 2, wild magic 2, evolution 1
0: Orb of Zot
}: 3/15 runes: decaying, silver, gossamer
a: Heroism, Finesse, Renounce Religion, Evoke Invisibility


You escaped.
You worshipped Okawaru.
Okawaru was exalted by your worship.
You were not hungry.

You visited 9 branches of the dungeon, and saw 47 of its levels.
You visited the Abyss 2 times.
You also visited: Labyrinth and Ice Cave.

You collected 8088 gold pieces.
You spent 392 gold pieces at shops.

Inventory:

Hand Weapons
 a - a +7 blowgun
   (You found it on level 3 of the Lair of Beasts)
 B - a +0 hand axe
   (You took it off a black draconian on level 5 of the Realm of Zot)
Missiles
 f - 9 throwing nets {=f, !d}
 y - 8 needles of confusion
 L - 67 large rocks (quivered) {!d}
 M - 5 silver javelins
 Q - 14 needles of sleeping
 S - 38 curare-tipped needles
Armour
 t - a +2 hat of see invisible (worn)
   (Okawaru gifted it to you on level 4 of the Lair of Beasts)
 v - +4 gold dragon scales (worn)
   (You found it on level 4 of the Depths)
 V - the +1 cloak of Polytheism (worn) {-Cast Slay+2 Stlth+}
   (You found it on level 5 of the Vaults)

   It affects your accuracy and damage with ranged weapons and melee attacks
   (+2).
   It prevents spellcasting.
   It makes you more stealthy.
 X - the +7 large shield of Defiance (worn) {+Inv}
   (Okawaru gifted it to you on level 4 of the Realm of Zot)

   It lets you turn invisible.
Jewellery
 x - the amulet of Happiness (around neck) {Reflect Str+3 Int+2 Dex+4 SH+2 Stlth+}
   (You found it on level 4 of the Dungeon)

   [amulet of reflection]

   It shields you and reflects attacks.
   It affects your strength (+3).
   It affects your intelligence (+2).
   It affects your dexterity (+4).
   It affects your SH (+2).
   It makes you more stealthy.
 H - a +4 ring of protection (left claw)
   (You found it on level 6 of the Lair of Beasts)
 U - the ring "Imilun" (right claw) {rElec Str-5 Int+6 Dex+10 Slay+2}
   (You found it in a labyrinth)

   [ring of intelligence]

   It affects your strength (-5).
   It affects your intelligence (+6).
   It affects your dexterity (+10).
   It affects your accuracy and damage with ranged weapons and melee attacks
   (+2).
   It insulates you from electricity.
 Y - the ring of Okawaru's Displeasure {+Fly rC+ MR+++ Str-2}
   (You found it on level 2 of the Depths)

   [ring of flight]

   It affects your strength (-2).
   It protects you from cold.
   It affects your resistance to hostile enchantments.
   It lets you fly.
Wands
 D - a wand of digging (12)
   (You found it on level 12 of the Dungeon)
 E - a wand of acid (46)
   (You found it on level 6 of the Dungeon)
 G - a wand of scattershot (31)
   (You found it on level 6 of the Dungeon)
 J - a wand of clouds (3)
   (You found it on level 1 of the Lair of Beasts)
Scrolls
 d - 9 scrolls of identify
 e - 8 scrolls of immolation {!r}
 h - 24 scrolls of teleportation
 i - 24 scrolls of remove curse
 o - 4 scrolls of fear
 r - 6 scrolls of magic mapping {!r}
 z - a scroll of holy word {!r}
 K - 2 scrolls of silence
 O - a scroll of blinking {!r}
 R - 4 scrolls of fog
Potions
 c - 7 potions of flight
 j - 8 potions of mutation {!q}
 k - 9 potions of brilliance
 l - 25 potions of curing
 m - 4 potions of magic
 n - 11 potions of lignification {!q}
 p - 13 potions of heal wounds
 q - 3 potions of might
 s - 2 potions of invisibility
 u - 2 potions of resistance
 F - 5 potions of ambrosia
 I - 3 potions of berserk rage {!q}
 N - a potion of cancellation
Miscellaneous
 g - a lamp of fire
   (You found it on level 5 of the Vaults)
 C - 3 sacks of spiders
 T - a box of beasts
 W - a fan of gales
   (You found it on level 13 of the Dungeon)
 Z - a phial of floods
   (You found it on level 12 of the Dungeon)
Comestibles
 b - 76 rations


   Skills:
 + Level 23.7 Fighting
 - Level 22.0 Throwing
 - Level 10.2 Armour
 - Level 7.1 Dodging
 - Level 1.0 Stealth
 - Level 15.0 Shields
 + Level 22.0 Unarmed Combat
 - Level 10.0 Invocations


You had 24 spell levels left.
You knew the following spells:

 Your Spells              Type           Power        Failure   Level  Hunger
s - Swiftness             Chrm/Air       #.......     100%        2    ###....

Your spell library contained the following spells:

 Spells                   Type           Power        Failure   Level  Hunger
 Animate Skeleton         Necr           N/A          100%        1    ##.....
 Apportation              Tloc           #.....       100%        1    ##.....
 Beastly Appendage        Tmut           #.....       100%        1    ##.....
 Confusing Touch          Hex            #.....       100%        1    ##.....
 Corona                   Hex            #......      100%        1    ##.....
 Flame Tongue             Conj/Fire      #....        100%        1    ##.....
 Infusion                 Chrm           #...         100%        1    ##.....
 Magic Dart               Conj           #...         100%        1    ##.....
 Sandblast                Erth           #.....       100%        1    ##.....
 Shock                    Conj/Air       #...         100%        1    ##.....
 Sting                    Conj/Pois      #...         100%        1    ##.....
 Summon Butterflies       Summ           #.......     100%        1    ##.....
 Summon Small Mammal      Summ           #...         100%        1    ##.....
 Blink                    Tloc           N/A          100%        2    ###....
 Call Imp                 Summ           #.......     100%        2    ###....
 Ensorcelled Hibernation  Hex/Ice        #.....       100%        2    ###....
 Passwall                 Tmut/Erth      #.......     100%        2    ###....
 Poisonous Vapours        Pois/Air       #.....       100%        2    ###....
 Shroud of Golubria       Chrm/Tloc      #.........   100%        2    ###....
 Slow                     Hex            #.......     100%        2    ###....
 Song of Slaying          Chrm           #.......     100%        2    ###....
 Sticks to Snakes         Tmut           #.......     100%        2    ###....
 Throw Flame              Conj/Fire      #.....       100%        2    ###....
 Call Canine Familiar     Summ           #.......     100%        3    ####...
 Confuse                  Hex            #.......     100%        3    ####...
 Conjure Flame            Conj/Fire      #.......     100%        3    ####...
 Dazzling Spray           Conj/Hex       #.....       100%        3    ####...
 Inner Flame              Hex/Fire       #.......     100%        3    ####...
 Mephitic Cloud           Conj/Pois/Air  #.......     100%        3    ####...
 Regeneration             Chrm/Necr      #.........   100%        3    ####...
 Spectral Weapon          Hex/Chrm       #.......     100%        3    ####...
 Spider Form              Tmut/Pois      #.........   100%        3    ####...
 Static Discharge         Conj/Air       #.......     100%        3    ####...
 Stone Arrow              Conj/Erth      #.....       100%        3    ####...
 Summon Guardian Golem    Hex/Summ       #.......     100%        3    ####...
 Tukima's Dance           Hex            #.......     100%        3    ####...
 Airstrike                Air            #.........   100%        4    #####..
 Cause Fear               Hex            #.........   100%        4    #####..
 Ice Form                 Ice/Tmut       #.......     100%        4    #####..
 Olgreb's Toxic Radiance  Pois           #.......     100%        4    #####..
 Petrify                  Tmut/Erth      #.......     100%        4    #####..
 Sticky Flame             Conj/Fire      #.......     100%        4    #####..
 Summon Ice Beast         Ice/Summ       #.......     100%        4    #####..
 Summon Lightning Spire   Summ/Air       #.......     100%        4    #####..
 Blade Hands              Tmut           #.........   100%        5    ######.
 Borgnjor's Vile Clutch   Necr/Erth      #.........   100%        5    ######.
 Fireball                 Conj/Fire      #.........   100%        5    ######.
 Lee's Rapid Deconstruct  Erth           #.........   100%        5    ######.
 Lightning Bolt           Conj/Air       #.........   100%        5    ######.
 Silence                  Hex/Air        #.........   100%        5    ######.
 Summon Mana Viper        Hex/Summ       #.......     100%        5    ######.
 Venom Bolt               Conj/Pois      #.........   100%        5    ######.
 Bolt of Fire             Conj/Fire      #.........   100%        6    #######
 Darkness                 Hex            #.........   100%        6    #######
 Deflect Missiles         Chrm/Air       #.........   100%        6    #######
 Freezing Cloud           Conj/Ice/Air   #.........   100%        6    #######
 Shadow Creatures         Summ           N/A          100%        6    #######
 Dragon Form              Tmut           #.........   100%        7    #######
 Malign Gateway           Summ/Tloc      #.........   100%        7    #######
 Monstrous Menagerie      Summ           #.........   100%        7    #######
 Ring of Flames           Chrm/Fire      #.........   100%        7    #######
 Summon Greater Demon     Summ           #.........   100%        7    #######
 Summon Hydra             Summ           #.........   100%        7    #######
 Summon Horrible Things   Summ           #.........   100%        8    #######
 Dragon's Call            Summ           #.........   100%        9    #######


Dungeon Overview and Level Annotations

Branches:
Dungeon (15/15)            Temple (1/1) D:4            Lair (6/6) D:8
  Swamp (4/4) Lair:3       Spider (4/4) Lair:2        Slime (0/5) Lair:6
    Orc (2/2) D:10            Elf (0/3) Orc:2        Vaults (5/5) D:13
  Crypt (0/3) Vaults:3     Depths (5/5) D:15            Zot (5/5) Depths:5

Altars:
Cheibriados
Dithmenos
Gozag
Kikubaaqudgha
Makhleb
Nemelex Xobeh
Okawaru
Ru
Uskayaw
Vehumet
Xom
Yredelemnul
The Shining One
Beogh
Jiyva
Lugonu

Shops:
D:9 }   D:12 *   D:15 !   Orc:2 =:([   Vaults:4 %   Vaults:5 *   Depths:1 *:
Depths:4 =}=

Portals:
Hell: Depths:1 Depths:2 Depths:3 Depths:4 Depths:5
Abyss: Depths:2 Depths:4
Pandemonium: Depths:3 Depths:4 Depths:5
Ziggurat: Depths:2

Annotations:
D:9 exclusion: statue
D:13 3 runed doors, Elysium's ghost, journeyman MfSk
Lair:2 3 runed doors, exclusion: 3 doors, Firuis's ghost, journeyman MfGl
Lair:4 exclusion: hydra
Lair:5 2 transporters, Ribudoz's ghost, journeyman GnFi
Swamp:2 1 runed door
Swamp:4 3 runed doors, nomadicburrito's ghost, journeyman MiFi
Depths:5 exclusion: 4 draconian stormcallers


Innate Abilities, Weirdness & Mutations

You are too large for most types of armour.
You have claws for hands.
Your metabolism is lightning-fast.
You like to eat raw meat.
Your natural rate of healing is unusually fast.
You are covered in fur. (AC +1)
You have very tough skin. (AC +2)
Your spells are harder to cast, but more powerful.
You evolve.


Message History

You climb upwards.
There is a stone staircase leading down here.
You regained 19 hp, and now have 243/308 hp.
(D) Dungeon (T) Temple (L) Lair (S) Swamp (N) Spider Nest (M) Slime Pits (O) Orcish Mines (E) Elven Halls (V) Vaults (C) Crypt (U) Depths (H) Hell (Z) Zot
Where to? (Enter - D:5, ? - help)
An Orb Guardian comes into view.
There is a stone staircase leading up here.
You regained 9 hp, and now have 252/308 hp.
You climb upwards.
There is a stone staircase leading down here.
You regained 3 hp, and now have 255/308 hp.
You mangle the Orb Guardian!! You barely miss the Orb Guardian.
You block the Orb Guardian's attack.
Your gold dragon scales prevents you from hitting the Orb Guardian.
The Orb Guardian hits you but does no damage.
You eviscerate the Orb Guardian!!! You block the Orb Guardian's attack.
You claw the Orb Guardian! The Orb Guardian hits you!
You take 6 damage, and have 251/308 hp.
You closely miss the Orb Guardian. You block the Orb Guardian's attack.
You closely miss the Orb Guardian.
You scratch the Orb Guardian but do no damage.
You block the Orb Guardian's attack.
You eviscerate the Orb Guardian!!!
You kill the Orb Guardian!
Okawaru accepts your kill.
(D) Dungeon (T) Temple (L) Lair (S) Swamp (N) Spider Nest (M) Slime Pits (O) Orcish Mines (E) Elven Halls (V) Vaults (C) Crypt (U) Depths (H) Hell (Z) Zot
Where to? (Enter - D:4, ? - help)
A hellwing comes into view.
The hellwing gives a chilling moan.
You regained 3 hp, and now have 256/308 hp.
You eviscerate the hellwing!!!
You kill the hellwing!
Okawaru accepts your kill.
There is a stone staircase leading up here.
You climb upwards.
There is a stone staircase leading down here.
You regained 3 hp, and now have 270/308 hp.
(D) Dungeon (T) Temple (L) Lair (S) Swamp (N) Spider Nest (M) Slime Pits (O) Orcish Mines (E) Elven Halls (V) Vaults (C) Crypt (U) Depths (H) Hell (Z) Zot
Where to? (Enter - D:3, ? - help)
There is a stone staircase leading up here.
You climb upwards.
There is a stone staircase leading down here.
You regained 12 hp, and now have 282/308 hp.
(D) Dungeon (T) Temple (L) Lair (S) Swamp (N) Spider Nest (M) Slime Pits (O) Orcish Mines (E) Elven Halls (V) Vaults (C) Crypt (U) Depths (H) Hell (Z) Zot
Where to? (Enter - D:2, ? - help)
A shadow demon comes into view.
You regained 10 hp, and now have 292/308 hp.
The shadow demon gestures.
The shadow demon gestures.
There is a stone staircase leading up here.
Health restored: 308 The hellwing swoops through the air toward you!
You block the hellwing's attack.
The hellwing hits you but does no damage.
The shadow demon gestures.
You climb upwards.
There is a stone staircase leading down here.
(D) Dungeon (T) Temple (L) Lair (S) Swamp (N) Spider Nest (M) Slime Pits (O) Orcish Mines (E) Elven Halls (V) Vaults (C) Crypt (U) Depths (H) Hell (Z) Zot
Where to? (Enter - D:1, ? - help)
Okay, then.
You feel yourself speed up.
You see here a +0 dagger.
A chaos spawn comes into view.
Your extra speed is starting to run out.
You feel yourself slow down.
A Tzitzimitl comes into view.
The Tzitzimitl roars!
As you read the scroll of fog, it crumbles to dust.
The scroll dissolves into smoke.
Throwing (i - inventory. (/) - cycle)
L - 69 large rocks (quivered)
{!d}
Aim: a Tzitzimitl You throw a large rock {!d}.
The large rock {!d} hits the Tzitzimitl!!!
The Tzitzimitl gestures at you. The bolt of cold hits you! You resist.
You take 13 damage, and have 295/308 hp.
Throwing (i - inventory. (/) - cycle)
L - 68 large rocks (quivered)
{!d}
Aim: a Tzitzimitl (grey smoke, heavily wounded)
You throw a large rock {!d}.
The large rock {!d} hits the Tzitzimitl!!!!
You kill the Tzitzimitl!
Okawaru accepts your kill.
There is a staircase leading out of the dungeon here.
Health restored: 308 You have escaped!

######### #...#...#
#.#.#.#@# ####.#.####
#..)......# #######
#.##)..##.#########......
#..#...#..#.........#####
####...####.#############
##.## #.# #.....รท.. #.#
#.# #.####### #.# #.# #.#


There were no monsters in sight!

Vanquished Creatures
  9 orbs of fire
  5 ancient liches
  3 juggernauts
  Sojobo (Vaults:2)
  4 Killer Klowns
  Frederick (Vaults:2)
  A caustic shrike (Depths:3)
  A curse toe (Zot:4)
  8 golden dragons
  Nikola (Spider:2)
  2 profane servitors
  2 bone dragons
  the Enchantress (Depths:1)
  A Tzitzimitl (D:1)
  4 electric golems
  A Hell Sentinel (Depths:5)
  8 liches
  19 tentacled monstrosities
  2 titans
  Asterion (Vaults:2)
  27 Orb Guardians
  Frances (Spider:1)
  7 quicksilver dragons
  An Executioner (D:8)
  An ancient champion (Vaults:2)
  8 death cobs
  14 tengu reavers
  6 sphinxes
  18 storm dragons
  2 thorn hunters (Swamp:3)
  Roxanne (Swamp:4)
  17 shadow dragons
  4 draconian monks
  3 iron dragons
  Louise (Swamp:4)
  An azure jelly (Swamp:3)
  21 vault wardens
  A deep elf sorcerer (Vaults:2)
  14 frost giants
  8 fire giants
  2 balrugs
  8 draconian shifters
  6 emperor scorpions (Spider:4)
  A frost giant (shapeshifter) (Depths:3)
  7 draconian knights
  3 draconian scorchers
  9 ghost moths
  5 orc warlords
  7 spriggan defenders
  2 deep elf elementalists
  A draconian stormcaller (Zot:3)
  14 ironheart preservers
  24 very ugly things
  5 draconian annihilators
  16 stone giants
  3 entropy weavers
  2 deep elf demonologists
  15 green draconians
  A vampire knight (Depths:5)
  2 dire elephants
  15 black draconians
  13 yellow draconians
  10 white draconians
  11 purple draconians
  14 red draconians
  A spark wasp (Depths:3)
  A minotaur (Lab)
  3 deep elf annihilators
  A merfolk javelineer (Depths:1)
  A green death (Depths:4)
  2 deep elf death magi
  A blizzard demon (Abyss:3)
  An ettin (shapeshifter) (Depths:4)
  A crystal guardian (Vaults:4)
  16 ettins
  9 fire dragons
  Snorg (Orc:1)
  2 jiangshi (Depths:3)
  2 merfolk impalers
  8 great orbs of eyes
  3 deep elf high priests
  15 ice dragons
  13 hydras
  A hell beast (Zot:2)
  34 vault guards
  3 rakshasas
  12 yaktaur captains
  5 spriggan air magi
  2 ghost crabs
  3 death knights
  2 catoblepae
  An anaconda (Depths:1)
  12 deep troll shamans
  12 alligators
  12 centaur warriors
  4 shambling mangroves
  Harold (Lair:2)
  13 ogre magi
  7 tengu warriors
  4 vampire magi
  39 two-headed ogres
  2 dancing weapons (Vaults:5)
  11 deep troll earth magi
  7 death yaks
  2 orc high priests (Depths:3)
  4 thrashing horrors (Abyss:3)
  5 spriggan berserkers
  3 sun demons
  2 hell knights
  2 wretched stars (Abyss:3)
  3 deep elf knights
  5 skeletal warriors
  3 salamander mystics (Depths:4)
  A fire crab (Lair:3)
  A shadow wraith (Vaults:3)
  4 iron trolls
  3 large abominations (Abyss:3)
  44 deep trolls
  A naga ritualist (Depths:1)
  5 glowing orange brains
  2 unseen horrors
  A torturous demonspawn (Depths:4)
  3 flayed ghosts
  4 swamp dragons
  5 deep elf archers
  3 spriggan druids
  3 necromancers
  A lindwurm (Lair:6)
  2 wolf spider zombies (D:13)
  20 ironbrand convokers
  5 harpies
  A mana viper (shapeshifter) (Vaults:2)
  14 orc knights
  5 phantasmal warriors
  19 orb spiders
  A stone giant zombie (Vaults:5)
  5 cyclopes
  28 wolf spiders
  42 ugly things
  19 deep elf magi
  A frost giant zombie (Vaults:5)
  43 slime creatures
  8 salamanders
  6 manticores
  29 moths of wrath
  A stone giant skeleton (Depths:2)
  8 elephants (Lair:6)
  6 orc sorcerers
  2 cyclopes (shapeshifter)
  2 ice statues (IceCv)
  An apocalypse crab (Abyss:3)
  21 vault sentinels
  The ghost of Danwar the Cudgeler, a novice DrMo of the Shining One (D:8)
  2 black mambas
  2 rust devils
  A smoke demon (Abyss:3)
  22 spiny frogs
  An orange demon (Depths:4)
  A human zombie (Vaults:3)
  6 rime drakes
  2 efreet
  11 demonic crawlers
  A kobold demonologist (D:15)
  A tormentor (Depths:5)
  8 komodo dragons
  39 yaktaurs
  13 freezing wraiths
  2 hellwings
  3 red devils
  4 trolls
  8 ice devils (IceCv)
  4 tengu conjurers
  4 human skeletons (Vaults:3)
  A queen bee (shapeshifter) (Depths:1)
  34 jumping spiders
  A wind drake (shapeshifter) (Vaults:5)
  28 hornets
  A polar bear (Lair:4)
  A meliai (D:14)
  A queen bee (Depths:3)
  7 tyrant leeches
  19 blink frogs
  A raiju (shapeshifter) (Depths:2)
  A polar bear (shapeshifter) (Vaults:4)
  7 raiju (Abyss:3)
  A stone giant simulacrum (Vaults:3)
  3 dream sheep (Lair:6)
  11 bog bodies
  An ettin zombie (Depths:3)
  12 hippogriffs
  A fire giant simulacrum (Vaults:5)
  A frost giant simulacrum (Vaults:5)
  A redback (shapeshifter) (Vaults:4)
  An ettin skeleton (Vaults:5)
  19 spriggans
  4 flying skulls (Abyss:3)
  84 redbacks
  Eustachio (D:4)
  2 wraiths
  3 vampires (D:12)
  A ynoxinul (Abyss:3)
  5 wyverns
  3 shadows
  4 basilisks
  34 tarantellas
  16 water elementals
  4 fire bats (Lair:3)
  A human (D:8)
  56 yaks
  A fire bat (shapeshifter) (Vaults:3)
  A fire elemental (Lair:3)
  2 neqoxecs
  4 hogs (D:8)
  27 vampire mosquitoes
  6 wargs
  5 swamp worm simulacra (Swamp:4)
  9 swamp worms
  11 insubstantial wisps
  2 soldier ants (D:12)
  7 acid dragons
  13 hydra simulacra (Swamp:4)
  9 water moccasins
  2 soldier ants (shapeshifter)
  13 porcupines
  13 swamp drakes
  Duvessa (D:4)
  2 floating eyes
  2 necrophages
  50 orc warriors
  4 sky beasts
  3 phantoms
  3 black bears
  A hornet zombie (D:14)
  An ice beast (D:10)
  31 ogres
  A tengu (shapeshifter) (Depths:3)
  5 boggarts
  A boggart (shapeshifter) (D:13)
  6 small abominations (Abyss:3)
  41 wolves
  16 crocodiles
  5 big kobolds
  15 centaurs
  16 bullfrogs
  A gnoll sergeant (D:10)
  2 wyvern zombies
  A deep troll simulacrum (Vaults:3)
  Dowan (D:4)
  5 scorpions
  30 killer bees
  2 human simulacra (Vaults:3)
  An elf simulacrum (Vaults:2)
  4 wights (D:7)
  5 electric eels
  3 howler monkeys
  3 crimson imps
  A lava snake (D:14)
  4 jellies
  10 starcursed masses (Abyss:3)
  3 bullfrog zombies
  A quasit (Abyss:3)
  9 centaur zombies
  24 orc priests
  7 hounds
  16 orc wizards
  6 bullfrog skeletons
  9 centaur skeletons
  An iron imp (Abyss:3)
  8 iguanas
  13 worker ants
  2 hound skeletons (D:8)
  2 worker ant zombies
  15 gnolls
  15 adders
  10 river rats (D:7)
  3 shadow imps
  10 white imps
  3 swamp drake simulacra (Swamp:4)
  11 ufetubi
  2 oozes
  An adder zombie (D:7)
  An adder skeleton (D:4)
  A ball lightning (Zot:3)
  2 dart slugs
  3 leopard geckos
  126 orcs
  A ball python (D:3)
  5 giant cockroaches
  10 goblins
  7 hobgoblins
  6 jackals
  50 kobolds
  7 quokkas
  10 bats
  3 frilled lizards
  A leopard gecko skeleton (D:8)
  2 quokka skeletons
  A quokka zombie (D:7)
  20 rats
  A briar patch (Swamp:3)
  A fungus (Lair:3)
  A plant (D:9)
2433 creatures vanquished.

Vanquished Creatures (others)
  A draconian knight (Zot:3)
  A vault warden (Vaults:2)
  8 stone giants
  A yellow draconian (Zot:4)
  2 yaktaur captains (Vaults:2)
  A centaur warrior (Depths:1)
  A two-headed ogre (Vaults:4)
  An unseen horror (D:11)
  A deep elf archer (Vaults:4)
  2 cyclopes (Vaults:1)
  2 moths of wrath (Zot:5)
  13 yaktaurs
  A redback (Spider:4)
  A wyvern (D:11)
  An ogre (Vaults:5)
  6 centaurs
  A gnoll sergeant (D:10)
  3 scorpions (D:10)
  A howler monkey (D:10)
  2 orc priests (D:10)
  A bullfrog skeleton (D:11)
  A centaur skeleton (D:11)
  A worker ant (D:10)
  A hound skeleton (D:11)
  2 white imps (IceCv)
  3 ufetubi (IceCv)
  2 orcs (D:10)
  A kobold (D:14)
  3 fungi
  14 plants
79 creatures vanquished.

Grand Total: 2512 creatures vanquished

Notes
Turn   | Place    | Note
-------+----------+-------------------------------------------
     0 | D:1      | Firecrotchwizard the Troll Monk began the quest for the
                  | Orb.
     0 | D:1      | Reached XP level 1. HP: 22/22 MP: 0/0
   116 | D:1      | Reached XP level 2. HP: 29/29 MP: 1/1
   504 | D:1      | Reached XP level 3. HP: 36/36 MP: 2/2
   669 | D:1      | Reached skill level 4 in Unarmed Combat
   789 | D:1      | You fall through a shaft!
   873 | D:2      | Found an ancient bone altar of Kikubaaqudgha.
   876 | D:2      | Found a sacrificial altar of Ru.
   876 | D:2      | Found a hide-covered altar of Uskayaw.
   934 | D:2      | Found an iron altar of Okawaru.
   976 | D:2      | Became a worshipper of Warmaster Okawaru
   976 | D:2      | Reached * piety under Okawaru
   976 | D:2      | Reached ** piety under Okawaru
  1472 | D:2      | Reached skill level 3 in Dodging
  1683 | D:3      | Reached XP level 4. HP: 41/44 MP: 3/3
  2125 | D:3      | Reached skill level 5 in Unarmed Combat
  2155 | D:3      | Reached XP level 5. HP: 48/50 MP: 4/4
  2426 | D:3      | Reached skill level 6 in Unarmed Combat
  2426 | D:3      | Reached skill level 1 in Invocations
  2426 | D:3      | Reached XP level 6. HP: 58/59 MP: 5/5
  2511 | D:3      | meem: I am meem, an upgrade of beem built by MalcolmRose
                  | (check out Malcolm's DCSS vids and other projects at
                  | http://youtube.com/malcolmrosegaming). To have me follow
                  | you in your games, type !subscribemeem - to make me go away
                  | forever, type !quitmeem - For help, type: !meem
  2535 | D:3      | Reached *** piety under Okawaru
  2810 | D:4      | Found an opulent altar of Gozag.
  2815 | D:4      | Noticed Eustachio
  2856 | D:4      | Killed Eustachio
  2856 | D:4      | Reached skill level 2 in Invocations
  2856 | D:4      | Reached XP level 7. HP: 56/66 MP: 7/7
  2967 | D:4      | Reached skill level 7 in Unarmed Combat
  3063 | D:4      | Reached skill level 4 in Dodging
  3074 | D:4      | Noticed Duvessa
  3090 | D:4      | Noticed Dowan
  3091 | D:4      | Killed Duvessa
  3104 | D:4      | Killed Dowan
  3104 | D:4      | Reached skill level 8 in Unarmed Combat
  3179 | D:4      | Reached XP level 8. HP: 64/74 MP: 8/8
  3261 | D:4      | Got a slimy crystal amulet
  3314 | D:4      | Identified the amulet of Happiness {Reflect Str+3 Int+2
                  | Dex+4 SH+2 Stlth+} (You found it on level 4 of the Dungeon)
  3547 | D:4      | Found a staircase to the Ecumenical Temple.
  3601 | D:5      | Entered Level 5 of the Dungeon
  3633 | D:5      | Reached **** piety under Okawaru
  3971 | D:5      | Found a burning altar of Makhleb.
  4118 | D:5      | Reached skill level 5 in Dodging
  4335 | D:6      | Reached skill level 9 in Unarmed Combat
  4337 | D:6      | Reached skill level 1 in Throwing
  4518 | D:6      | Reached skill level 2 in Throwing
  5359 | D:7      | Reached ***** piety under Okawaru
  5359 | D:7      | Reached skill level 3 in Throwing
  5359 | D:7      | Reached skill level 10 in Unarmed Combat
  5359 | D:7      | Reached XP level 9. HP: 59/80 MP: 9/9
  5472 | D:7      | Received a gift from Okawaru
  5553 | D:7      | Identified the cursed +3 shortbow "Vuigh" {flame, rElec}
                  | (You found it on level 7 of the Dungeon)
  5619 | D:7      | Found a basalt altar of Yredelemnul.
  5705 | D:7      | Found a sparkling altar of Nemelex Xobeh.
  5854 | D:7      | Reached skill level 4 in Throwing
  5859 | D:7      | Received a gift from Okawaru
  6214 | D:8      | Reached skill level 11 in Unarmed Combat
  6226 | D:8      | Received a gift from Okawaru
  6227 | D:8      | HP: 15/80 [hog (8)]
  6370 | D:8      | Reached skill level 5 in Throwing
  6381 | D:8      | Reached XP level 10. HP: 68/88 MP: 8/10
  6394 | D:7      | Reached skill level 12 in Unarmed Combat
  6545 | D:8      | Reached skill level 3 in Fighting
  6547 | D:8      | Found a staircase to the Lair.
  6554 | D:8      | Received a gift from Okawaru
  6614 | D:8      | Reached skill level 6 in Throwing
  6694 | D:8      | Found a snail-covered altar of Cheibriados.
  6864 | D:8      | Found a glowing golden altar of the Shining One.
  7054 | D:8      | Reached skill level 4 in Fighting
  7055 | D:8      | Noticed a two-headed ogre
  7061 | D:8      | Killed a two-headed ogre
  7061 | D:8      | Reached skill level 7 in Throwing
  7295 | D:8      | Found a runed door.
  7301 | D:8      | Noticed Danwar's ghost (novice DrMo)
  7556 | D:9      | Reached skill level 5 in Fighting
  7571 | D:9      | Found Tuadgh's Gadget Shoppe.
  7667 | D:9      | Found a radiant altar of Vehumet.
  8238 | D:10     | Entered Level 10 of the Dungeon
  8284 | D:10     | cerealjynx: caveman build, love it
  8291 | D:10     | Received a gift from Okawaru
  8314 | D:10     | Firecrotchwizard: kind of just winging it, lol
  8327 | D:10     | cerealjynx: keep training throwing, use a large shield,
                  | hope oka gives you some scales and you're good
  8330 | D:10     | Firecrotchwizard: large rocks good enough to go the
                  | distance?
  8330 | D:10     | cerealjynx: oh yeah
  8330 | D:10     | cerealjynx: especially if you also find portal projectile
  8395 | D:10     | Found a shimmering altar of Xom.
  8439 | D:10     | Firecrotchwizard: ty for the tips
  8541 | D:10     | Reached XP level 11. HP: 95/105 MP: 11/11
  8737 | D:10     | Reached skill level 8 in Throwing
  8785 | D:10     | Found a staircase to the Orcish Mines.
  8986 | D:10     | Reached skill level 6 in Fighting
  9347 | Lair:1   | Entered Level 1 of the Lair of Beasts
  9360 | Lair:1   | Received a gift from Okawaru
  9373 | Lair:1   | Received a gift from Okawaru
  9650 | Lair:1   | Reached skill level 9 in Throwing
  9655 | Lair:1   | Reached skill level 7 in Fighting
  9697 | Lair:1   | Received a gift from Okawaru
 10504 | Lair:1   | Reached skill level 8 in Fighting
 10563 | Lair:1   | Reached skill level 10 in Throwing
 10792 | Lair:2   | Noticed Harold
 10799 | Lair:2   | Killed Harold
 10799 | Lair:2   | Received a gift from Okawaru
 10841 | Lair:2   | You fall through a shaft!
 10867 | Lair:3   | Noticed a catoblepas
 10873 | Lair:3   | Killed a catoblepas
 10873 | Lair:3   | Reached XP level 12. HP: 105/122 MP: 9/12
 11013 | Lair:2   | Noticed a four-headed hydra
 11019 | Lair:2   | Killed a four-headed hydra
 11019 | Lair:2   | Received a gift from Okawaru
 11025 | Lair:2   | Got a crystal triple sword {god gift}
 11174 | Lair:2   | HP: 26/122 [porcupine's spines (6)]
 11179 | Lair:2   | HP: 28/122 [poisoned by a water moccasin]
 11424 | Lair:2   | Found a hole to the Spider Nest.
 11426 | Lair:2   | Reached skill level 9 in Fighting
 11620 | Lair:2   | Found a runed gate.
 11621 | Lair:2   | Found a runed gate.
 11621 | Lair:2   | Found a runed gate.
 11623 | Lair:2   | Noticed Firuis's ghost (journeyman MfGl)
 11918 | Lair:3   | Noticed a six-headed hydra
 11951 | Lair:3   | Reached skill level 11 in Throwing
 12323 | Lair:3   | Killed a six-headed hydra
 12323 | Lair:3   | Received a gift from Okawaru
 12667 | Lair:3   | Received a gift from Okawaru
 12732 | Lair:3   | Reached skill level 10 in Fighting
 12881 | Lair:3   | Found a staircase to the Swamp.
 12921 | Lair:3   | Reached skill level 1 in Armour
 13107 | Lair:4   | Received a gift from Okawaru
 13128 | Lair:4   | Reached skill level 2 in Armour
 13131 | Lair:4   | Reached skill level 12 in Throwing
 13140 | Lair:4   | Received a gift from Okawaru
 13159 | Lair:4   | Reached XP level 13. HP: 102/133 MP: 11/13
 13182 | Lair:4   | Reached skill level 3 in Armour
 13293 | Lair:4   | Found a frozen archway.
 13332 | IceCv    | Entered an ice cave
 13716 | IceCv    | Reached skill level 4 in Armour
 13969 | IceCv    | Noticed a reaper
 14631 | Lair:3   | Reached skill level 5 in Armour
 15014 | Lair:4   | Got a slimy long sword
 15128 | Lair:5   | Found a transporter.
 15128 | Lair:5   | Found a transporter.
 15128 | Lair:5   | Noticed Ribudoz's ghost (journeyman GnFi)
 15242 | Lair:5   | Reached skill level 13 in Throwing
 15875 | Lair:5   | Reached skill level 3 in Invocations
 16023 | Lair:6   | Entered Level 6 of the Lair of Beasts
 16065 | Lair:6   | Received a gift from Okawaru
 16481 | Lair:6   | Got an ancient robe
 16482 | Lair:6   | Identified the +1 robe "Souzuifa" {SInv} (You found it on
                  | level 6 of the Lair of Beasts)
 16506 | Lair:6   | Reached skill level 4 in Invocations
 16526 | Lair:6   | Received a gift from Okawaru
 16835 | Lair:6   | Found a staircase to the Slime Pits.
 16835 | Lair:6   | Found a viscous altar of Jiyva.
 17072 | Lair:6   | Reached skill level 5 in Invocations
 17131 | Lair:6   | Noticed a dire elephant
 17171 | Lair:5   | Reached XP level 14. HP: 128/143 MP: 14/16
 17956 | Lair:6   | Reached skill level 14 in Throwing
 17956 | Lair:6   | Reached skill level 6 in Invocations
 18996 | D:11     | Reached skill level 1 in Shields
 19203 | D:11     | Reached skill level 2 in Shields
 19262 | D:11     | Received a gift from Okawaru
 19300 | D:11     | cerealjynx: things seem to be working out
 19431 | D:11     | Firecrotchwizard: furthest I've gotten a troll monk in a
                  | while
 19431 | D:11     | Firecrotchwizard: I usually panic and get myself killed
 19431 | D:11     | cerealjynx: oh dont worry plenty of time for that to happen
 19431 | D:11     | Firecrotchwizard: lol
 19849 | D:12     | Reached skill level 3 in Shields
 19914 | D:12     | Received a gift from Okawaru
 19993 | D:12     | cerealjynx: I wish you could spectral weapon troll claws
 20091 | D:12     | Firecrotchwizard: Yeah, I do have this triple sword
 20091 | D:12     | Firecrotchwizard: lol
 20091 | D:12     | Firecrotchwizard: I entertained the idea for a slight
                  | second
 20222 | D:12     | Reached skill level 4 in Shields
 20290 | D:12     | Found Qigol's Blood Bar.
 20429 | D:12     | Received a gift from Okawaru
 20549 | D:12     | Reached ****** piety under Okawaru
 20549 | D:12     | Received a gift from Okawaru
 20705 | D:12     | Reached skill level 15 in Throwing
 20706 | D:12     | Noticed a sphinx
 20716 | D:12     | Killed a sphinx
 20716 | D:12     | Reached skill level 5 in Shields
 21414 | D:13     | Reached XP level 15. HP: 149/149 MP: 15/18
 21555 | D:13     | Found a runed gate.
 21560 | D:13     | Noticed Elysium's ghost (journeyman MfSk)
 21561 | D:13     | Found a runed gate.
 21561 | D:13     | Found a runed gate.
 21673 | D:13     | Reached skill level 6 in Shields
 21689 | D:13     | Received a gift from Okawaru
 21907 | D:13     | Received a gift from Okawaru
 21918 | D:13     | cerealjynx: nice
 22026 | D:13     | Found a gate to the Vaults.
 22421 | D:14     | Found a labyrinth entrance.
 22436 | Lab      | Entered a labyrinth
 23165 | Lab      | cerealjynx: what a pita layout
 23174 | Lab      | cerealjynx: got dig wand?
 23176 | Lab      | Firecrotchwizard: longest it's taken in a while
 23176 | Lab      | Firecrotchwizard: yeah
 23176 | Lab      | cerealjynx: dig east
 23251 | Lab      | cerealjynx: :)
 23347 | Lab      | cerealjynx: you dont need 2 int ring or ice ring
 23347 | Lab      | Got a flickering iron ring
 23348 | Lab      | Identified the ring "Imilun" {rElec Str-5 Int+6 Dex+10
                  | Slay+2} (You found it in a labyrinth)
 23349 | Lab      | cerealjynx: Wow...
 23349 | Lab      | Firecrotchwizard: haha
 23349 | Lab      | Firecrotchwizard: that's awesome
 23550 | D:14     | Reached skill level 7 in Shields
 24014 | Orc:1    | Entered Level 1 of the Orcish Mines
 24029 | Orc:1    | Noticed an orc warlord
 24079 | D:10     | Killed an orc warlord
 24557 | Orc:2    | Entered Level 2 of the Orcish Mines
 24704 | Orc:2    | Found a staircase to the Elven Halls.
 24724 | Orc:2    | Paralysed by an orc sorcerer for 7 turns
 24847 | Orc:2    | Found a roughly hewn altar of Beogh.
 25037 | Orc:2    | Reached skill level 16 in Throwing
 25192 | Orc:2    | Found a roughly hewn altar of Beogh.
 25269 | Orc:2    | Found Urosox's Jewellery Emporium.
 25451 | Orc:2    | Noticed an orc warlord
 25495 | Orc:2    | Killed an orc warlord
 25495 | Orc:2    | Reached skill level 8 in Shields
 25681 | Orc:2    | Found a roughly hewn altar of Beogh.
 25690 | Orc:2    | Found Geschisu's Book Shoppe.
 25703 | Orc:2    | Found a roughly hewn altar of Beogh.
 25820 | Orc:2    | Found a roughly hewn altar of Beogh.
 26014 | Orc:2    | Found Goulev's Antique Armour Shoppe.
 26015 | Orc:2    | Found a roughly hewn altar of Beogh.
 26018 | Orc:2    | Found Veosofo's Antique Weapon Emporium.
 26030 | Orc:2    | cerealjynx: HAT TIEM
 26049 | Orc:2    | Bought a glowing hat for 252 gold pieces
 26070 | Orc:2    | Firecrotchwizard: well that's disappointing, swamp isn't
                  | going to be much fun with no rpois
 26070 | Orc:2    | Firecrotchwizard: that's it for me tonight, I appreciate
                  | the pointers
 26070 | Orc:2    | Upgraded the game from 0.23-a0-419-g0174fd8 to
                  | 0.23-a0-422-g30b1108
 26142 | Orc:1    | Noticed Snorg
 26165 | Orc:1    | Killed Snorg
 27010 | D:11     | Received a gift from Okawaru
 27241 | Swamp:1  | Entered Level 1 of the Swamp
 27535 | Swamp:1  | Reached skill level 9 in Shields
 27658 | Swamp:1  | meem: I am meem, an upgrade of beem built by MalcolmRose
                  | (check out Malcolm's DCSS vids and other projects at
                  | http://youtube.com/malcolmrosegaming). To have me follow
                  | you in your games, type !subscribemeem - to make me go away
                  | forever, type !quitmeem - For help, type: !meem
 27664 | Swamp:1  | Firecrotchwizard: !subscribemeem
 27664 | Swamp:1  | meem: Subscribed. I will never ban you, give you up, let
                  | you down, run around, or desert you. I will now watch all
                  | games of user Firecrotchwizard
 27664 | Swamp:1  | meem: I am meem, an upgrade of beem built by MalcolmRose
                  | (check out Malcolm's DCSS vids and other projects at
                  | http://youtube.com/malcolmrosegaming). To have me follow
                  | you in your games, type !subscribemeem - to make me go away
                  | forever, type !quitmeem - For help, type: !meem
 27664 | Swamp:1  | Firecrotchwizard: !quitbeem
 27664 | Swamp:1  | Firecrotchwizard: !beem
 27664 | Swamp:1  | beem: I'm a bot that sends commands to the DCSS IRC
                  | knowledge bots. For details, see
                  | https://github.com/gammafunk/beem/blob/master/docs/commands
                  | .md and to have me watch your games on this server, type:
                  | !subscribe
 27664 | Swamp:1  | meem: beem[1/6]: beem is a WebTiles chat bot that sends
                  | commands to the DCSS IRC knowledge bots. For details, see
                  | https://github.com/gammafunk/beem/blob/master/docs/commands
                  | .md ; if you see beem in chat, type the following to have
                  | it watch your games on that server: !subscribe
 27664 | Swamp:1  | Firecrotchwizard: !unsubscribe
 27664 | Swamp:1  | beem: Unsubscribed. I will no longer watch games of user
                  | Firecrotchwizard. Bye!
 27664 | Swamp:1  | Firecrotchwizard: !help
 27664 | Swamp:1  | meem: I'm a bot that sends commands to the DCSS IRC
                  | knowledge bots. Check out
                  | http://www.dungeoncrawlstonesoup.com/meemcommandguide.html
                  | for information on how to use this bot. I was made as an
                  | upgrade to beem by MalcolmRose of rosecrypto.com. I will
                  | never ban you, make you cry, say goodbye, or tell a lie and
                  | hurt you. To have me watch your games on this server, type
                  | !subscribemeem - to make me go away, type !quitmeem - to
                  | contact the owner, visit https://discord.gg/NEQdPWq
 27664 | Swamp:1  | Firecrotchwizard: ??hydra
 27664 | Swamp:1  | meem: hydra[1/6]: Regenerating monster that attacks once
                  | for every head. Slicing or chopping (see [2]) attacks will
                  | cut off a head, causing two to grow in its place and
                  | healing the hydra for 7+d8 HP. Head count doesn't affect
                  | experience gained. Flaming edged weapons remove heads for
                  | good. A headless hydra dies instantly. Monsters chop hydra
                  | heads only about 1/4 of the time.
 27672 | Swamp:1  | Reached XP level 16. HP: 158/158 MP: 19/19
 27724 | Swamp:1  | Noticed a tentacled monstrosity
 27733 | Swamp:1  | Killed a tentacled monstrosity
 28260 | Swamp:2  | Found a shimmering altar of Xom.
 28772 | Swamp:2  | Reached skill level 17 in Throwing
 28775 | Swamp:2  | Found the +7 sceptre of Torment {pain, torment}
 28793 | Swamp:2  | Got a steaming battleaxe
 28871 | Swamp:2  | Received a gift from Okawaru
 29083 | Swamp:2  | Found a runed door.
 29194 | Swamp:3  | Reached skill level 10 in Shields
 29349 | Swamp:3  | Upgraded the game from 0.23-a0-422-g30b1108 to
                  | 0.23-a0-445-g768d57b
 29349 | Swamp:3  | Noticed a thorn hunter
 29354 | Swamp:3  | Received a gift from Okawaru
 29364 | Swamp:3  | Killed a thorn hunter
 29371 | Swamp:3  | Got a polished executioner's axe {god gift}
 29372 | Swamp:3  | Identified the +1 executioner's axe of Gluttony {venom,
                  | rPois MR- Str+5 SInv} (Okawaru gifted it to you on level 3
                  | of the Swamp)
 30275 | Swamp:4  | Entered Level 4 of the Swamp
 30444 | Swamp:4  | Noticed Louise
 30560 | Swamp:3  | Reached skill level 11 in Shields
 31122 | Swamp:4  | Noticed a thorn hunter
 31141 | Swamp:3  | Killed a thorn hunter
 31141 | Swamp:3  | Received a gift from Okawaru
 31268 | Swamp:4  | Cast into level 3 of the Abyss (Louise)
 31323 | Abyss:3  | Found a corrupted altar of Lugonu.
 31382 | Abyss:3  | Received a gift from Okawaru
 31404 | Swamp:4  | Escaped the Abyss
 31442 | Swamp:4  | HP: 34/158 [five-headed hydra simulacrum (12)]
 31622 | Swamp:4  | Killed Louise
 31718 | Swamp:3  | Received a gift from Okawaru
 31721 | Swamp:3  | Reached XP level 17. HP: 46/166 MP: 16/20
 32134 | Swamp:4  | Reached skill level 12 in Shields
 32412 | Swamp:4  | Found a runed gate.
 32414 | Swamp:4  | Noticed nomadicburrito's ghost (journeyman MiFi)
 32415 | Swamp:4  | Found a runed gate.
 32415 | Swamp:4  | Found a runed gate.
 32435 | Swamp:4  | Identified Roxanne's Guide on Earth
 32435 | Swamp:4  | Noticed Roxanne
 32441 | Swamp:4  | Killed Roxanne
 32825 | Swamp:4  | Got a decaying rune of Zot
 32984 | Spider:1 | Entered Level 1 of the Spider Nest
 33055 | Spider:1 | Received a gift from Okawaru
 33251 | Spider:1 | Received a gift from Okawaru
 33585 | Spider:1 | Noticed Frances
 33599 | Spider:1 | Killed Frances
 33599 | Spider:1 | Received a gift from Okawaru
 33711 | Spider:1 | Reached skill level 18 in Throwing
 33772 | Spider:2 | Received a gift from Okawaru
 34091 | Spider:2 | Reached skill level 13 in Shields
 34096 | Spider:2 | Noticed Nikola
 34126 | Spider:2 | Killed Nikola
 34306 | Spider:2 | Received a gift from Okawaru
 34387 | Spider:2 | Received a gift from Okawaru
 35698 | Spider:4 | Entered Level 4 of the Spider Nest
 36127 | Spider:4 | Received a gift from Okawaru
 36297 | Spider:4 | Reached skill level 14 in Shields
 36302 | Spider:4 | Reached XP level 18. HP: 168/174 MP: 0/21
 37004 | Spider:4 | Received a gift from Okawaru
 37232 | Spider:4 | Received a gift from Okawaru
 37390 | Spider:4 | Got a gossamer rune of Zot
 37814 | D:8      | Killed Danwar's ghost
 37944 | D:15     | Entered Level 15 of the Dungeon
 38002 | D:15     | Found Muive's Distillery.
 38663 | D:15     | Found a staircase to the Depths.
 38669 | D:15     | Received a gift from Okawaru
 38768 | D:15     | Reached skill level 15 in Shields
 38825 | Vaults:1 | Entered Level 1 of the Vaults
 38870 | Vaults:1 | Reached skill level 19 in Throwing
 39696 | Vaults:1 | Received a gift from Okawaru
 40037 | Vaults:1 | Identified a scroll of acquirement
 40040 | Vaults:1 | Got a scorched hat
 40051 | Vaults:1 | Identified the +0 hat of Peuceihu {rElec rF+} (You acquired
                  | it on level 1 of the Vaults)
 40307 | Vaults:1 | Reached XP level 19. HP: 174/184 MP: 22/22
 40525 | Vaults:2 | Reached skill level 11 in Fighting
 40572 | Vaults:2 | Noticed Sojobo
 40575 | Vaults:2 | Noticed Asterion
 40577 | Vaults:2 | Noticed Frederick
 41101 | Vaults:2 | Received a gift from Okawaru
 41111 | Vaults:2 | Reached skill level 20 in Throwing
 41226 | Vaults:2 | Received a gift from Okawaru
 41234 | Vaults:2 | Got an ominously black robe {god gift}
 41459 | Vaults:2 | Killed Asterion
 41482 | Vaults:2 | Killed Frederick
 41482 | Vaults:2 | Reached skill level 12 in Fighting
 41538 | Vaults:2 | Killed Sojobo
 41820 | Vaults:2 | Learned a level 2 spell: Swiftness
 42885 | Vaults:3 | Found a staircase to the Crypt.
 43210 | Vaults:3 | Reached XP level 20. HP: 187/201 MP: 20/23
 43260 | Vaults:3 | Reached skill level 13 in Fighting
 43279 | Vaults:3 | Received a gift from Okawaru
 43845 | Vaults:3 | Received a gift from Okawaru
 44101 | Vaults:3 | Reached skill level 21 in Throwing
 44493 | Vaults:4 | Received a gift from Okawaru
 44961 | Vaults:4 | Received a gift from Okawaru
 45142 | Vaults:4 | Identified the +1 robe of the Raven {+Inv rF+ Regen+}
                  | (Okawaru gifted it to you on level 2 of the Vaults)
 45269 | Vaults:4 | Found Vuph's Food Emporium.
 45407 | Vaults:4 | Reached skill level 14 in Fighting
 45469 | Vaults:4 | Found an iron altar of Okawaru.
 46493 | Depths:1 | Entered Level 1 of the Depths
 46501 | Depths:1 | Received a gift from Okawaru
 46572 | Depths:1 | Reached XP level 21. HP: 215/215 MP: 24/24
 46601 | Depths:1 | Found Ilu Xur's One-of-a-Kind Books.
 46673 | Depths:1 | Received a gift from Okawaru
 46694 | Depths:1 | Got an encrusted flail {god gift}
 47136 | Depths:1 | Reached skill level 22 in Throwing
 47165 | Depths:1 | Found a gateway to Hell.
 47176 | Depths:1 | Got a steaming halberd
 47238 | Depths:1 | Found Wagyfacu's Serpentskin Sales.
 47253 | Depths:1 | Reached skill level 15 in Fighting
 47730 | Depths:2 | Reached skill level 7 in Invocations
 47920 | Depths:2 | Received a gift from Okawaru
 48144 | Depths:2 | Found a gateway to a ziggurat.
 48215 | Depths:2 | Identified the +2 faerie dragon scales {rCorr Str+3 Int+4}
 48215 | Depths:2 | Noticed the Enchantress
 48337 | Depths:1 | Killed the Enchantress
 48337 | Depths:1 | Reached skill level 8 in Invocations
 48658 | Depths:2 | Identified the ring of Okawaru's Displeasure {+Fly rC+
                  | MR+++ Str-2} (You found it on level 2 of the Depths)
 48728 | Depths:2 | Found a corrupted altar of Lugonu.
 48732 | Depths:2 | Found a one-way gate to the infinite horrors of the Abyss.
 48738 | Depths:2 | Received a gift from Okawaru
 48931 | Depths:3 | Reached skill level 16 in Fighting
 49003 | Depths:3 | Reached skill level 9 in Invocations
 49174 | Depths:3 | Received a gift from Okawaru
 49175 | Depths:3 | Found the +4 skin of Zhor {rC+++}
 49260 | Depths:3 | Reached XP level 22. HP: 116/231 MP: 28/28
 49393 | Depths:3 | Noticed a caustic shrike
 49402 | Depths:3 | Killed a caustic shrike
 49432 | Depths:3 | Reached skill level 10 in Invocations
 49436 | Depths:3 | Noticed a juggernaut
 49461 | Depths:3 | Killed a juggernaut
 49540 | Depths:3 | Noticed a golden dragon
 49854 | Depths:3 | Reached skill level 6 in Armour
 50114 | Depths:3 | Reached skill level 17 in Fighting
 50135 | Depths:3 | Received a gift from Okawaru
 50281 | Depths:3 | Reached skill level 7 in Armour
 50287 | Depths:3 | Noticed a juggernaut
 50288 | Depths:3 | Received a gift from Okawaru
 50304 | Depths:3 | Killed a juggernaut
 50319 | Depths:3 | Identified the +0 hat of Unreason {Dex+2} (Okawaru gifted
                  | it to you on level 3 of the Depths)
 50581 | Depths:3 | Killed a golden dragon
 50711 | Depths:3 | Found a runed door.
 50849 | Depths:3 | Reached skill level 8 in Armour
 51084 | Depths:3 | Identified the amulet of Siudoipi {Acrobat MR+}
 51416 | Depths:3 | Found a one-way gate leading to the halls of Pandemonium.
 51474 | Depths:3 | Identified the ring of Bibytwua {Ice MR- Str+3 Dex+4 SInv}
                  | (You found it on level 3 of the Depths)
 51609 | Depths:4 | Paralysed by a lich for 7 turns
 51716 | Depths:4 | Found Hacas's Jewellery Boutique.
 51716 | Depths:4 | Found Tageqoosm's Gadget Shoppe.
 51717 | Depths:4 | Found Oziuxa's Jewellery Boutique.
 51777 | Depths:4 | Noticed a golden dragon
 51781 | Depths:4 | Killed a golden dragon
 51783 | Depths:4 | Got a brightly glowing scythe
 51955 | Depths:4 | Reached skill level 9 in Armour
 52089 | Depths:4 | Received a gift from Okawaru
 52089 | Depths:4 | Reached XP level 23. HP: 237/247 MP: 26/29
 52250 | Depths:4 | Received a gift from Okawaru
 52288 | Depths:4 | Reached skill level 18 in Fighting
 52542 | Depths:4 | Received a gift from Okawaru
 52542 | Depths:4 | Reached skill level 10 in Armour
 52889 | Depths:5 | Entered Level 5 of the Depths
 52949 | Depths:5 | Noticed a juggernaut
 52955 | Depths:5 | Paralysed by a floating eye for 2 turns
 52964 | Depths:5 | Killed a juggernaut
 52964 | Depths:5 | Received a gift from Okawaru
 52967 | Depths:5 | Paralysed by a floating eye for 2 turns
 53161 | Depths:5 | Reached skill level 6 in Dodging
 53236 | Depths:5 | HP: 45/241 [bone dragon (16)]
 53246 | Depths:5 | HP: 40/249 [bone dragon (5)]
 53251 | Depths:5 | HP: 33/249 [bone dragon (10)]
 53259 | Depths:5 | HP: 31/249 [bone dragon (7)]
 53678 | Depths:5 | Found a gate to the Realm of Zot.
 54382 | Depths:5 | Reached skill level 7 in Dodging
 54897 | Vaults:5 | Entered Level 5 of the Vaults
 55003 | Vaults:4 | HP: 61/248 [manticore (glowing shapeshifter) (5)]
 55031 | Vaults:4 | HP: 54/248 [vault guard/+0 great sword (3)]
 55273 | Vaults:4 | Received a gift from Okawaru
 55311 | Vaults:5 | Reached skill level 19 in Fighting
 55329 | Vaults:4 | Reached skill level 13 in Unarmed Combat
 55491 | Vaults:5 | Noticed an ancient lich
 55495 | Vaults:5 | Killed an ancient lich
 55495 | Vaults:5 | Reached XP level 24. HP: 237/260 MP: 26/29
 55545 | Vaults:5 | Received a gift from Okawaru
 55590 | Vaults:5 | Got a slimy quarterstaff {god gift}
 55614 | Vaults:5 | Identified the +2 quarterstaff of Strategic Superiority
                  | {holy, +Inv Int+3 Dex+3 Stlth+}
 55620 | Vaults:5 | Got a silver rune of Zot
 55645 | Vaults:5 | Got a heavily runed cloak
 55665 | Vaults:5 | Identified the cursed +1 falchion "Impbane" {slice, MR+
                  | Int+2 SInv}
 55679 | Vaults:5 | Reached skill level 14 in Unarmed Combat
 55992 | Vaults:5 | Received a gift from Okawaru
 56000 | Vaults:5 | Noticed an ancient lich
 56001 | Vaults:5 | Paralysed by an ancient lich for 5 turns
 56083 | Vaults:4 | Paralysed by an ancient lich for 2 turns
 56088 | Vaults:4 | Killed an ancient lich
 56246 | Vaults:5 | Got a smoking emerald amulet
 56247 | Vaults:5 | Identified the +0 cloak of Igelos {+Inv rC+ Int+4} (You
                  | found it on level 5 of the Vaults)
 56248 | Vaults:5 | Identified the amulet "Zoudi" {+Rage Dex+3 SInv} (You
                  | acquired it on level 5 of the Vaults)
 56843 | Vaults:5 | Received a gift from Okawaru
 56950 | Vaults:5 | Found Dajie's General Store.
 56956 | Vaults:5 | Identified Gotupp's Compendium of Aid
 56965 | Vaults:5 | Got a shimmering falchion
 57002 | Vaults:5 | Bought a potion of haste for 140 gold pieces
 57013 | Vaults:5 | Reached skill level 15 in Unarmed Combat
 57065 | Vaults:5 | Reached skill level 20 in Fighting
 57522 | Vaults:5 | Got a scorched cloak
 57524 | Vaults:5 | Identified the +1 cloak of Polytheism {-Cast Slay+2 Stlth+}
                  | (You found it on level 5 of the Vaults)
 57536 | Vaults:5 | Got a crystal war axe
 58165 | Temple   | Entered the Ecumenical Temple
 58460 | Zot:1    | Entered Level 1 of the Realm of Zot
 58490 | Zot:1    | Received a gift from Okawaru
 59024 | Zot:1    | Received a gift from Okawaru
 59342 | Zot:2    | Received a gift from Okawaru
 59487 | Zot:2    | Reached skill level 16 in Unarmed Combat
 59641 | Zot:2    | Reached XP level 25. HP: 269/274 MP: 27/29
 59962 | Zot:2    | Received a gift from Okawaru
 59977 | Zot:2    | Got a twisted robe {god gift}
 60098 | Zot:2    | Upgraded the game from 0.23-a0-445-g768d57b to
                  | 0.23-a0-446-g036aa52
 60660 | Zot:3    | Reached skill level 17 in Unarmed Combat
 61022 | Zot:3    | Reached skill level 21 in Fighting
 61087 | Zot:3    | Paralysed by the power of Zot for 4 turns
 61521 | Zot:3    | cerealjynx: sweet, this guy made it.
 61561 | Zot:3    | cerealjynx: I toldja rocks am gud
 61561 | Zot:3    | Received a gift from Okawaru
 61613 | Zot:3    | cerealjynx: silver javs kill OOFs faster fyi
 61619 | Zot:3    | Cast into level 3 of the Abyss (a lich)
 61620 | Abyss:3  | Found a corrupted altar of Lugonu.
 61685 | Abyss:3  | Reached skill level 18 in Unarmed Combat
 61707 | Abyss:3  | Paralysed by accursed screaming for 1 turns
 61716 | Abyss:3  | Paralysed by accursed screaming for 2 turns
 61721 | Abyss:3  | Paralysed by accursed screaming for 2 turns
 61725 | Abyss:3  | cerealjynx: read tele
 61746 | Abyss:3  | cerealjynx: this works too
 61845 | Zot:3    | Escaped the Abyss
 61872 | Zot:3    | Received a gift from Okawaru
 62111 | Zot:3    | Noticed an orb of fire
 62122 | Zot:3    | Killed an orb of fire
 62124 | Zot:3    | Firecrotchwizard: oh hey
 62124 | Zot:3    | cerealjynx: yo
 62124 | Zot:3    | Firecrotchwizard: good to know about the javs
 62124 | Zot:3    | cerealjynx: I mean, rocks do the trick too, but how often
                  | do you get to make an OOF convulse
 62125 | Zot:3    | Firecrotchwizard: right
 62128 | Zot:3    | Received a gift from Okawaru
 62154 | Zot:3    | Reached XP level 26. HP: 205/288 MP: 29/29
 62402 | Zot:3    | Received a gift from Okawaru
 62851 | Zot:3    | Reached skill level 19 in Unarmed Combat
 63018 | Zot:4    | Reached skill level 22 in Fighting
 63249 | Zot:4    | Firecrotchwizard: rocks do stupid amounts of damage
 63368 | Zot:4    | Received a gift from Okawaru
 63372 | Zot:4    | Got a jewelled large shield {god gift}
 63373 | Zot:4    | Identified the +7 large shield of Defiance {+Inv} (Okawaru
                  | gifted it to you on level 4 of the Realm of Zot)
 63730 | Zot:5    | Entered Level 5 of the Realm of Zot
 63942 | Zot:5    | Got an ichor-stained large shield
 63943 | Zot:5    | Identified the +1 large shield "Zadiggoa" {rPois Str+4}
                  | (You acquired it on level 5 of the Realm of Zot)
 64307 | Zot:5    | Reached skill level 20 in Unarmed Combat
 64332 | Zot:5    | Noticed an orb of fire
 64334 | Zot:5    | Gained mutation: You are resistant to hostile enchantments.
                  | (MR+) [an orb of fire]
 64338 | Zot:5    | Killed an orb of fire
 64387 | Zot:5    | Noticed an orb of fire
 64391 | Zot:5    | Noticed an orb of fire
 64392 | Zot:5    | Gained mutation: You are clumsy. (Dex -2) [an orb of fire]
 64394 | Zot:5    | Killed an orb of fire
 64398 | Zot:5    | Killed an orb of fire
 64399 | Zot:5    | Noticed an orb of fire
 64407 | Zot:5    | Killed an orb of fire
 64412 | Zot:5    | Noticed an ancient lich
 64415 | Zot:5    | Killed an ancient lich
 64415 | Zot:5    | Reached XP level 27. HP: 284/301 MP: 29/29
 64435 | Zot:5    | Noticed an orb of fire
 64445 | Zot:5    | Gained mutation: You occasionally shout uncontrollably at
                  | your foes. [an orb of fire]
 64447 | Zot:5    | Gained mutation: Your spells are a little easier to cast,
                  | but a little less powerful. [an orb of fire]
 64450 | Zot:5    | Gained mutation: You tend to lose your temper in combat.
                  | [an orb of fire]
 64451 | Zot:5    | Killed an orb of fire
 64526 | Zot:5    | Lost mutation: You are resistant to hostile enchantments.
                  | (MR+) [potion of mutation]
 64526 | Zot:5    | Lost mutation: You are clumsy. (Dex -2) [potion of
                  | mutation]
 64526 | Zot:5    | Lost mutation: You tend to lose your temper in combat.
                  | [potion of mutation]
 64526 | Zot:5    | Gained mutation: Your magical capacity is low. (-10% MP)
                  | [potion of mutation]
 64526 | Zot:5    | Gained mutation: You are partially covered in iridescent
                  | scales. (AC +2) [potion of mutation]
 64527 | Zot:5    | Lost mutation: Your spells are a little easier to cast, but
                  | a little less powerful. [potion of mutation]
 64527 | Zot:5    | Lost mutation: You occasionally shout uncontrollably at
                  | your foes. [potion of mutation]
 64527 | Zot:5    | Lost mutation: Your magical capacity is low. (-10% MP)
                  | [potion of mutation]
 64527 | Zot:5    | Gained mutation: Armour fits poorly on your strangely
                  | shaped body. [potion of mutation]
 64527 | Zot:5    | Gained mutation: Your spells are a little harder to cast,
                  | but a little more powerful. [potion of mutation]
 64528 | Zot:5    | Lost mutation: Armour fits poorly on your strangely shaped
                  | body. [potion of mutation]
 64528 | Zot:5    | Lost mutation: Your spells are a little harder to cast, but
                  | a little more powerful. [potion of mutation]
 64528 | Zot:5    | Lost mutation: You are partially covered in iridescent
                  | scales. (AC +2) [potion of mutation]
 64528 | Zot:5    | Gained mutation: Your spells are a little harder to cast,
                  | but a little more powerful. [potion of mutation]
 64528 | Zot:5    | Gained mutation: You evolve. [potion of mutation]
 64528 | Zot:5    | Gained mutation: Your spells are harder to cast, but more
                  | powerful. [potion of mutation]
 64553 | Zot:5    | Noticed an orb of fire
 64557 | Zot:5    | Noticed an orb of fire
 64558 | Zot:5    | Killed an orb of fire
 64558 | Zot:5    | Received a gift from Okawaru
 64558 | Zot:5    | Reached skill level 23 in Fighting
 64570 | Zot:5    | Killed an orb of fire
 64570 | Zot:5    | Reached skill level 21 in Unarmed Combat
 64660 | Zot:5    | Noticed an orb of fire
 64677 | Zot:5    | Killed an orb of fire
 64694 | Zot:5    | Noticed an ancient lich
 64697 | Zot:5    | Killed an ancient lich
 64829 | Zot:5    | Noticed an ancient lich
 64835 | Zot:5    | Killed an ancient lich
 64835 | Zot:5    | Received a gift from Okawaru
 64836 | Zot:5    | Got a blackened hunting sling {god gift}
 65063 | Zot:5    | Got the Orb of Zot
 65330 | Depths:5 | Reached skill level 22 in Unarmed Combat
 65842 | D:$      | Escaped with the Orb!

Vault maps used:
D:1:      onia_arrival_mini_spirals
D:2:      grunt_temple_overflow_open, minmay_quantized
D:3:      minmay_goblin_kobold_castle
D:4:      minmay_diamond_boxcup, nicolae_gozag_seed_capital,
          minmay_temple_entry_enclosed_plants, first_ration, uniq_duvessa,
          uniq_eustachio
D:5:      nicolae_overflow_hidden_temple, kennysheep_nondescript
D:6:      nrook_mini_backslash
D:7:      lemuel_ratsnest, overflow_temple_1_default,
          nemelex_lonely_heart_becter
D:8:      minmay_bloctagon_deflated, marbit_many_paths, cheibriados_altar_1,
          minmay_lair_entry_grove, ebering_ghost_reflecting_pool,
          grunt_livestock
D:9:      vehumet_statue, serial_shops, shop, solitary_fountain,
          serial_bayou_lagoon_a
D:10:     orc_0_dummy, xom_confusion_cloud
D:11:     minivault_12
D:12:     minmay_chopped_fan, guppyfry_shop_blood
D:13:     hangedman_vaults_entry_quadrant_bands, serial_undead, serial_undead_c,
          serial_undead_c, serial_undead_c, serial_undead_b, serial_undead_b,
          serial_undead_e, serial_undead_d, gammafunk_ghost_nasty_kobolds
D:14:     lab_entry_generic, serial_park_tiny_1, kennysheep_opposing_triangles
D:15:     hangedman_depths_entry_try_elsewhere_first, serial_shops,
          nicolae_shop_statue_plus, serial_bayou_pond_b
Temple:   nicolae_temple_hex_pool
Lair:1:   kb_forest_paths, beast_lair_carwin_4
Lair:2:   spider_nest_entry_webs, gammafunk_ghost_necromancy,
          serial_bayou_pond_e, small_statue_intersection, grunt_megastairs_4,
          infiniplex_staircase_pool, uniq_harold
Lair:3:   statuecave_lemuel, swamp_mist, beast_lair_carwin_5
Lair:4:   portal_ice_cave_entry_pillars_1, grunt_forest_large_clearings
Lair:5:   gammafunk_ghost_hive, bobbens_ice_dragon_lair
Lair:6:   hangedman_lair_in_review, guppyfry_lair_end_dragon, slime_altar_1
Swamp:1:  cheibrodos_swamp_monstrosity, evilmike_swamp_ruin_house_3
Swamp:2:  gammafunk_mikee_crab_dinner, basic_altar, swamp_pool2,
          hangedman_swamp_dais
Swamp:3:  nicolae_swamp_orc_logging_accident
Swamp:4:  swamp_icy, gammafunk_ghost_hydra_chop, uniq_louise, uniq_roxanne
Spider:1: uniq_frances
Spider:2: einodemon_crawler_minivault, uniq_nikola
Spider:4: grunt_spider_rune_circles, spider_trap
Orc:1:    cheibrodos_orc_arena, uniq_snorg
Orc:2:    grunt_orc_community_town_hall, grunt_orc_community_big_house_1,
          grunt_orc_community_big_house_1, grunt_orc_community_house_1,
          grunt_orc_community_house_1, grunt_orc_community_house_3,
          grunt_orc_community_house_1
Vaults:1: hangedman_vaults_hard_town_square, v_misc_13,
          vaults_room_stairs_pillars, ontoclasm_vaults_eye, v_pattern_4,
          nicolae_vaults_border_crossing
Vaults:2: nicolae_vaults_little_squares_1, v_misc_11, hangedman_vaults_maws,
          v_misc_5, sword_in_stone, v_alt_pattern_5,
          ontoclasm_vaults_misaligned, v_alt_pattern_3,
          nicolae_vaults_little_squares_6, ontoclasm_vaults_shuriken
Vaults:3: nicolae_vaults_theta, v_misc_2, blue_anna_dwarven_crypt,
          vaults_dpeg_encased_lava, st_lattice, v_rooms_2,
          nicolae_vaults_network_quinsquares,
          vaults_standard_mumra_enter_the_diamond, ontoclasm_vaults_twist,
          serial_ice_h
Vaults:4: v_alt_pattern_1, nicolae_vaults_fighting_squares,
          ontoclasm_vaults_claustrophobia, hangedman_vaults_unwind,
          vaults_room_grunt_arrival_ludios, vaults_room_door_ring,
          hangedman_vaults_restitches, hangedman_vaults_variations, v_misc_8,
          hangedman_vaults_hat, vaults_dpeg_hooks, basic_altar, serial_shops,
          shop, uniq_frederick
Depths:1: lightli_too_deep, nicolae_rare_books, guppyfry_shop_venom,
          infiniplex_staircase_pool_lava
Depths:2: minmay_the_grid_plus, enter_ziggurat_a, grunt_hell_entry_dis_grunt,
          abyss_entry, moated_statue, tgw_lugonu_bribe, uniq_enchantress
Depths:3: box_level_dp, hell_entry, pan_entry
Depths:4: minmay_mutant_horseshoe, abyss_entry_small_statue_room,
          rand_demon_pan_entry_8, pf_coc_iceberg, minmay_shop_grove
Depths:5: evilmike_zot_entry_argh, hell_entry, minmay_misc_feat_x, pan_entry
Zot:2:    st_stairs_1, basic_stair_grate_trap
Zot:3:    hangedman_zot_vaults_quadrants, nzn_random_ring
Zot:4:    nicolae_moth_party
Abyss:3:  nicolae_abyss_rune_left_handed, minivault_20, hangedman_decor_points
IceCv:    ice_cave_small_demon

Skill      XL: |  1  2  3  4  5  6  7  8  9 10 11 12 13 14 15 16 17 18 19 20 21 22 23 24 25 26 27 |
---------------+----------------------------------------------------------------------------------+-----
Unarmed Combat | 4 5 6 8 10 11 12 13 16 18 20 22 | 22.0
Dodging        | 3 4 5 7 |  7.1
Invocations    | 1 2 5 6 9 10 | 10.0
Throwing       | 3 5 7 10 12 13 15 16 17 18 19 20 21 22 | 22.0
Fighting       | 5 8 10 12 14 16 17 19 20 21 22 23 | 23.7
Armour         | 2 5 9 10 | 10.2
Shields        | 5 9 11 14 15 | 15.0
Stealth        | |  1.0

Action                   |  1- 3 |  4- 6 |  7- 9 | 10-12 | 13-15 | 16-18 | 19-21 | 22-24 | 25-27 || total
-------------------------+-------+-------+-------+-------+-------+-------+-------+-------+-------++-------
Melee: Unarmed           |    93 |   175 |   311 |   441 |  1473 |  1394 |  1031 |   902 |   744 ||  6564
       Punch             |     2 |     4 |    19 |    34 |    48 |       |       |       |       ||   107
Throw: Large rock        |       |       |     3 |    84 |   186 |   438 |   633 |   664 |   438 ||  2446
       Javelin           |       |       |       |       |       |       |       |     7 |    20 ||    27
Invok: Heroism           |       |     2 |     7 |    30 |    66 |    66 |    43 |    51 |    27 ||   292
       Finesse           |       |       |       |     1 |     1 |     6 |     4 |     8 |     6 ||    26
Evoke: Wand              |       |       |       |     1 |     6 |       |       |       |       ||     7
       Sack of spiders   |       |       |       |       |       |       |       |       |     1 ||     1
  Use: Scroll            |     5 |       |     3 |    20 |    22 |    12 |     5 |    17 |     8 ||    92
       Potion            |       |       |       |       |     5 |     5 |     3 |    13 |    11 ||    37
 Stab: Sleeping          |     4 |     1 |     9 |     8 |     5 |     4 |     1 |       |       ||    32
       Distracted        |       |       |       |     1 |       |     3 |     1 |       |       ||     5
       Petrifying        |       |       |       |       |     1 |       |       |       |       ||     1
  Eat: Chunk             |    20 |    11 |    33 |    61 |   122 |   112 |    82 |    79 |    48 ||   568
       Ration            |       |       |       |       |     2 |     2 |       |     4 |       ||     8
Armor: Robe              |    50 |    82 |    42 |    18 |       |       |       |       |       ||   192
       Steam dragon scal |       |       |       |    43 |    51 |       |       |       |       ||    94
       Ice dragon scales |       |       |       |       |   444 |    42 |    34 |       |       ||   520
       Swamp dragon scal |       |       |       |       |       |   344 |    47 |       |       ||   391
       Acid dragon scale |       |       |       |       |       |       |    19 |    32 |       ||    51
       Fire dragon scale |       |       |       |       |       |       |     5 |       |       ||     5
       Gold dragon scale |       |       |       |       |       |       |       |   284 |   321 ||   605
Dodge: Dodged            |    40 |   178 |   153 |   219 |   560 |   567 |   212 |   273 |   148 ||  2350
Block: Other             |       |       |    13 |    20 |     8 |       |       |       |       ||    41
       Shield            |       |       |       |       |   524 |       |       |       |       ||   524
       Reflection        |       |       |       |       |    27 |    31 |   112 |    53 |    10 ||   233
       Large shield      |       |       |       |       |   294 |  1861 |   980 |  1187 |   784 ||  5106

Table legend:
 A = Non-vault XP
 B = Vault XP
 C = Vault XP percentage of total XP
 D = Non-vault monster count
 E = Vault monster count
 F = Vault count percentage of total count
                 A         B        C        D         E       F
            +---------+---------+-------+---------+---------+-------
      Total |  858338 |  773471 |  47.4 |    1581 |     876 |  35.7
            +---------+---------+-------+---------+---------+-------
        D:1 |      56 |       0 |   0.0 |      28 |       0 |   0.0
        D:2 |      25 |     148 |  85.5 |       9 |       7 |  43.8
        D:3 |      96 |     266 |  73.5 |      20 |      41 |  67.2
        D:4 |     503 |     456 |  47.5 |      18 |       5 |  21.7
        D:5 |     340 |       0 |   0.0 |      16 |       0 |   0.0
        D:6 |     894 |       0 |   0.0 |      21 |       0 |   0.0
        D:7 |    1045 |     512 |  32.9 |      21 |      33 |  61.1
        D:8 |     868 |    4119 |  82.6 |      22 |      21 |  48.8
        D:9 |     687 |       0 |   0.0 |       8 |       0 |   0.0
       D:10 |    5061 |     153 |   2.9 |      32 |       2 |   5.9
       D:11 |    6988 |    2569 |  26.9 |      43 |       6 |  12.2
       D:12 |    7665 |    8638 |  53.0 |      48 |      17 |  26.2
       D:13 |    5165 |    9715 |  65.3 |      27 |      26 |  49.1
       D:14 |    7833 |    1468 |  15.8 |      23 |       4 |  14.8
       D:15 |    4008 |    4119 |  50.7 |      11 |       7 |  38.9
     Lair:1 |    4383 |    3712 |  45.9 |      19 |      18 |  48.6
     Lair:2 |    3935 |    1914 |  32.7 |      15 |       7 |  31.8
     Lair:3 |    9771 |    1125 |  10.3 |      30 |       6 |  16.7
     Lair:4 |    6172 |    3686 |  37.4 |      23 |      30 |  56.6
     Lair:5 |    3127 |    2761 |  46.9 |      13 |       6 |  31.6
     Lair:6 |    6910 |   11610 |  62.7 |      22 |      30 |  57.7
    Swamp:1 |   12318 |    2932 |  19.2 |      39 |       1 |   2.5
    Swamp:2 |    6647 |    5971 |  47.3 |      16 |       8 |  33.3
    Swamp:3 |   25445 |    4993 |  16.4 |      60 |       5 |   7.7
    Swamp:4 |   11688 |    9664 |  45.3 |      30 |      28 |  48.3
   Spider:1 |   11023 |    2401 |  17.9 |      37 |       1 |   2.6
   Spider:2 |   18044 |    6077 |  25.2 |      51 |       8 |  13.6
   Spider:3 |   11758 |       0 |   0.0 |      35 |       0 |   0.0
   Spider:4 |   19741 |   27170 |  57.9 |      60 |      39 |  39.4
      Orc:1 |    5143 |    3395 |  39.8 |      38 |      16 |  29.6
      Orc:2 |    1526 |    6022 |  79.8 |      18 |      62 |  77.5
   Vaults:1 |   30222 |   21752 |  41.9 |      45 |      25 |  35.7
   Vaults:2 |   44643 |   25455 |  36.3 |      58 |      19 |  24.7
   Vaults:3 |   33307 |   21182 |  38.9 |      58 |      32 |  35.6
   Vaults:4 |   52819 |   74246 |  58.4 |      93 |      73 |  44.0
   Vaults:5 |   25001 |   78042 |  75.7 |      43 |      49 |  53.3
   Depths:1 |   36640 |   16787 |  31.4 |      41 |      15 |  26.8
   Depths:2 |   23266 |   19513 |  45.6 |      43 |      16 |  27.1
   Depths:3 |   56192 |   78216 |  58.2 |      68 |      69 |  50.4
   Depths:4 |   62541 |   12721 |  16.9 |      55 |       9 |  14.1
   Depths:5 |   38213 |   12200 |  24.2 |      28 |       7 |  20.0
      Zot:1 |   35107 |       0 |   0.0 |      23 |       0 |   0.0
      Zot:2 |   19502 |   33909 |  63.5 |      12 |      20 |  62.5
      Zot:3 |   89966 |   55930 |  38.3 |      55 |      30 |  35.3
      Zot:4 |   45229 |   15317 |  25.3 |      26 |      12 |  31.6
      Zot:5 |   46328 |  178931 |  79.4 |      29 |      41 |  58.6
    Abyss:3 |   19282 |       0 |   0.0 |      50 |       0 |   0.0
        Lab |    1215 |       0 |   0.0 |       1 |       0 |   0.0
      IceCv |       0 |    3674 | 100.0 |       0 |      25 | 100.0
            +---------+---------+-------+---------+---------+-------

Vault maps used:
D:1:      onia_arrival_mini_spirals
D:2:      grunt_temple_overflow_open, minmay_quantized
D:3:      minmay_goblin_kobold_castle
D:4:      minmay_diamond_boxcup, nicolae_gozag_seed_capital,
          minmay_temple_entry_enclosed_plants, first_ration, uniq_duvessa,
          uniq_eustachio
D:5:      nicolae_overflow_hidden_temple, kennysheep_nondescript
D:6:      nrook_mini_backslash
D:7:      lemuel_ratsnest, overflow_temple_1_default,
          nemelex_lonely_heart_becter
D:8:      minmay_bloctagon_deflated, marbit_many_paths, cheibriados_altar_1,
          minmay_lair_entry_grove, ebering_ghost_reflecting_pool,
          grunt_livestock
D:9:      vehumet_statue, serial_shops, shop, solitary_fountain,
          serial_bayou_lagoon_a
D:10:     orc_0_dummy, xom_confusion_cloud
D:11:     minivault_12
D:12:     minmay_chopped_fan, guppyfry_shop_blood
D:13:     hangedman_vaults_entry_quadrant_bands, serial_undead, serial_undead_c,
          serial_undead_c, serial_undead_c, serial_undead_b, serial_undead_b,
          serial_undead_e, serial_undead_d, gammafunk_ghost_nasty_kobolds
D:14:     lab_entry_generic, serial_park_tiny_1, kennysheep_opposing_triangles
D:15:     hangedman_depths_entry_try_elsewhere_first, serial_shops,
          nicolae_shop_statue_plus, serial_bayou_pond_b
Temple:   nicolae_temple_hex_pool
Lair:1:   kb_forest_paths, beast_lair_carwin_4
Lair:2:   spider_nest_entry_webs, gammafunk_ghost_necromancy,
          serial_bayou_pond_e, small_statue_intersection, grunt_megastairs_4,
          infiniplex_staircase_pool, uniq_harold
Lair:3:   statuecave_lemuel, swamp_mist, beast_lair_carwin_5
Lair:4:   portal_ice_cave_entry_pillars_1, grunt_forest_large_clearings
Lair:5:   gammafunk_ghost_hive, bobbens_ice_dragon_lair
Lair:6:   hangedman_lair_in_review, guppyfry_lair_end_dragon, slime_altar_1
Swamp:1:  cheibrodos_swamp_monstrosity, evilmike_swamp_ruin_house_3
Swamp:2:  gammafunk_mikee_crab_dinner, basic_altar, swamp_pool2,
          hangedman_swamp_dais
Swamp:3:  nicolae_swamp_orc_logging_accident
Swamp:4:  swamp_icy, gammafunk_ghost_hydra_chop, uniq_louise, uniq_roxanne
Spider:1: uniq_frances
Spider:2: einodemon_crawler_minivault, uniq_nikola
Spider:4: grunt_spider_rune_circles, spider_trap
Orc:1:    cheibrodos_orc_arena, uniq_snorg
Orc:2:    grunt_orc_community_town_hall, grunt_orc_community_big_house_1,
          grunt_orc_community_big_house_1, grunt_orc_community_house_1,
          grunt_orc_community_house_1, grunt_orc_community_house_3,
          grunt_orc_community_house_1
Vaults:1: hangedman_vaults_hard_town_square, v_misc_13,
          vaults_room_stairs_pillars, ontoclasm_vaults_eye, v_pattern_4,
          nicolae_vaults_border_crossing
Vaults:2: nicolae_vaults_little_squares_1, v_misc_11, hangedman_vaults_maws,
          v_misc_5, sword_in_stone, v_alt_pattern_5,
          ontoclasm_vaults_misaligned, v_alt_pattern_3,
          nicolae_vaults_little_squares_6, ontoclasm_vaults_shuriken
Vaults:3: nicolae_vaults_theta, v_misc_2, blue_anna_dwarven_crypt,
          vaults_dpeg_encased_lava, st_lattice, v_rooms_2,
          nicolae_vaults_network_quinsquares,
          vaults_standard_mumra_enter_the_diamond, ontoclasm_vaults_twist,
          serial_ice_h
Vaults:4: v_alt_pattern_1, nicolae_vaults_fighting_squares,
          ontoclasm_vaults_claustrophobia, hangedman_vaults_unwind,
          vaults_room_grunt_arrival_ludios, vaults_room_door_ring,
          hangedman_vaults_restitches, hangedman_vaults_variations, v_misc_8,
          hangedman_vaults_hat, vaults_dpeg_hooks, basic_altar, serial_shops,
          shop, uniq_frederick
Depths:1: lightli_too_deep, nicolae_rare_books, guppyfry_shop_venom,
          infiniplex_staircase_pool_lava
Depths:2: minmay_the_grid_plus, enter_ziggurat_a, grunt_hell_entry_dis_grunt,
          abyss_entry, moated_statue, tgw_lugonu_bribe, uniq_enchantress
Depths:3: box_level_dp, hell_entry, pan_entry
Depths:4: minmay_mutant_horseshoe, abyss_entry_small_statue_room,
          rand_demon_pan_entry_8, pf_coc_iceberg, minmay_shop_grove
Depths:5: evilmike_zot_entry_argh, hell_entry, minmay_misc_feat_x, pan_entry
Zot:2:    st_stairs_1, basic_stair_grate_trap
Zot:3:    hangedman_zot_vaults_quadrants, nzn_random_ring
Zot:4:    nicolae_moth_party
Abyss:3:  nicolae_abyss_rune_left_handed, minivault_20, hangedman_decor_points
IceCv:    ice_cave_small_demon

Table legend:
 A = Turns spent in this place as a percentage of turns spent in the entire game.
 B = Non-inter-level travel turns spent in this place as a percentage of non-inter-level travel turns spent in the entire game.
 C = Inter-level travel turns spent in this place as a percentage of turns spent in this place.
 D = Turns resting spent in this place as a percentage of non-inter-level travel turns spent in this place.
 E = Turns spent auto-exploring this place as a percentage of non-inter-level travel turns spent in this place.
 F = Non-inter-level travel turns spent in this place divided by the number of levels of this place that you've seen.
                   A       B       C       D       E      F
               +-------+-------+-------+-------+-------+----------------------
         Total | 100.0 | 100.0 |   7.5 |  21.8 |  44.2 | 1193.9
       Dungeon |  24.6 |  23.4 |  12.2 |  10.2 |  60.7 | 949.3
        Temple |   0.0 |   0.0 | 100.0 |   N/A |   N/A |   0.0
          Lair |  13.7 |  13.3 |  10.6 |  23.6 |  43.1 | 1347.3
         Swamp |   8.4 |   8.7 |   4.8 |  37.0 |  28.4 | 1322.8
   Spider Nest |   7.0 |   7.3 |   3.6 |  21.5 |  32.9 | 1118.2
  Orcish Mines |   4.0 |   4.1 |   4.4 |  17.1 |  40.6 | 1244.0
        Vaults |  16.5 |  16.9 |   5.3 |  25.6 |  45.3 | 2055.2
        Depths |  12.6 |  13.1 |   4.2 |  24.2 |  47.2 | 1596.0
           Zot |  10.1 |  10.0 |   8.0 |  26.7 |  38.2 | 1219.4
         Abyss |   0.5 |   0.6 |   0.0 |  15.2 |   0.0 | 181.0
     Labyrinth |   1.4 |   1.5 |   0.0 |   2.3 |   0.0 | 943.0
      Ice Cave |   1.0 |   1.1 |   0.0 |  41.7 |  10.8 | 657.0
               +-------+-------+-------+-------+-------+----------------------

Table legend:
 A = Kills in this place as a percentage of kills in entire the game.
 B = Kills by you in this place as a percentage of kills by you in the entire game.
 C = Kills by friends in this place as a percentage of kills by friends in the entire game.
 D = Other kills in this place as a percentage of other kills in the entire game.
 E = Experience gained in this place as a percentage of experience gained in the entire game.
 F = Experience gained in this place divided by the number of levels of this place that you have seen.
                   A       B       C       D       E      F
               +-------+-------+-------+-------+-------+----------------------
         Total | 100.0 | 100.0 |   N/A | 100.0 | 100.0 | 32396.8
       Dungeon |  21.1 |  21.3 |   N/A |   5.1 |   5.0 | 5485.4
          Lair |   8.9 |   9.0 |   N/A |   0.0 |   3.6 | 9851.0
         Swamp |   7.6 |   7.7 |   N/A |   0.0 |   4.8 | 19914.5
   Spider Nest |   9.4 |   9.5 |   N/A |   2.6 |   5.8 | 24053.5
  Orcish Mines |   5.4 |   5.5 |   N/A |   0.0 |   1.0 | 8043.0
        Vaults |  20.1 |  19.4 |   N/A |  59.0 |  24.6 | 81333.8
        Depths |  14.3 |  14.0 |   N/A |  28.2 |  21.8 | 71886.8
           Zot |  10.3 |  10.3 |   N/A |   5.1 |  32.0 | 105723.4
         Abyss |   2.0 |   2.1 |   N/A |   0.0 |   1.2 | 9641.0
     Labyrinth |   0.0 |   0.0 |   N/A |   0.0 |   0.1 | 1215.0
      Ice Cave |   1.0 |   1.0 |   N/A |   0.0 |   0.2 | 3674.0
               +-------+-------+-------+-------+-------+----------------------
